 Dungeon Crawl Stone Soup version 0.23-a0-183-gf37f6fb109 (webtiles) character file.

153349 mihairusu the Severer (level 17, -3/237 HPs)
             Began as a Minotaur Berserker on Sept 17, 2018.
             Was a High Priest of Trog.
             Slain by a six-headed hydra (5 damage)
             ... on level 4 of the Swamp on Sept 21, 2018.
             The game lasted 03:51:39 (38406 turns).

mihairusu the Severer (Minotaur Berserker)         Turns: 38406, Time: 03:51:40

Health: -3/237     AC: 26    Str: 29    XL:     17   Next: 4%
Magic:  10/16      EV: 16    Int:  4    God:    Trog [*****.]
Gold:   2534       SH: 18    Dex: 15    Spells: 16/16 levels left

rFire    + . .     SeeInvis .   b - +2 scimitar (flame)
rCold    + . .     Gourm    .   L - +0 shield
rNeg     . . .     Faith    .   X - +0 plate armour {rC+}
rPois    +         Spirit   .   T - +2 hat
rElec    .         Reflect  +   O - +2 cloak
rCorr    .         Harm     .   Q - +0 pair of gloves
MR       +....                  U - +0 pair of boots {Fly}
Stlth    ..........             R - +5 amulet of reflection
HPRegen  0.49/turn              m - ring of poison resistance
MPRegen  0.15/turn              x - ring of protection from fire

@: berserking (expiring), flying, very quick
A: retaliatory headbutt, horns 2
a: Berserk, Trog's Hand, Brothers in Arms, Renounce Religion, Stop Flying


You were on level 4 of the Swamp.
You worshipped Trog.
Trog was extremely pleased with you.
You were not hungry.

You visited 4 branches of the dungeon, and saw 27 of its levels.
You also visited: Sewer.

You collected 3152 gold pieces.
You spent 618 gold pieces at shops.

Inventory:

Hand Weapons
 a - a +9 antimagic broad axe
 b - a +2 scimitar of flaming (weapon)
Armour
 h - a +1 chain mail of poison resistance
 J - a +0 chain mail of magic resistance
 L - a +0 shield (worn)
 O - a +2 cloak (worn)
 Q - a +0 pair of gloves (worn)
 T - a +2 hat (worn)
 U - a +0 pair of boots of flying (worn)
 X - a +0 plate armour of cold resistance (worn)
 Z - +0 acid dragon scales
Jewellery
 m - a ring of poison resistance (left hand)
 u - an uncursed ring of protection from cold
 x - a ring of protection from fire (right hand)
 K - an uncursed ring of see invisible
 R - a +5 amulet of reflection (around neck)
Wands
 g - a wand of random effects (42)
 t - a wand of paralysis (14)
 v - a wand of acid (9)
 y - a wand of digging (11)
 z - a wand of enslavement (8)
 G - a wand of polymorph (34)
 M - a wand of clouds (8)
 W - a wand of iceblast (20)
Scrolls
 d - 5 scrolls of magic mapping
 f - 10 scrolls of teleportation
 k - 3 scrolls of enchant armour
 l - 5 scrolls of silence {unknown}
 n - 2 scrolls of brand weapon {unknown}
 o - 5 scrolls of fog
 p - 4 scrolls of immolation {unknown}
 s - 17 scrolls of remove curse
 A - 2 scrolls of summoning {unknown}
 C - 5 scrolls of vulnerability
 F - a scroll of blinking {unknown}
 H - 3 scrolls of identify
 N - 2 scrolls of fear {unknown}
 P - 2 scrolls of holy word {unknown}
 S - a scroll of enchant weapon
Potions
 e - 3 potions of cancellation
 i - a potion of berserk rage {unknown}
 j - 4 potions of curing
 q - 2 potions of magic
 r - 3 potions of brilliance
 w - a potion of invisibility {unknown}
 B - 2 potions of ambrosia
 D - 3 potions of might
 E - 2 potions of mutation
 I - 3 potions of haste
 V - 2 potions of resistance
Comestibles
 c - 15 rations


   Skills:
 + Level 16.2 Fighting
 + Level 20.1 Axes
 + Level 16.0 Armour
 + Level 14.9 Dodging
 * Level 11.2 Shields


You had 16 spell levels left.
You didn't know any spells.
Your spell library was empty.

Dungeon Overview and Level Annotations

Branches:
Dungeon (15/15)            Temple (0/1) D:6            Lair (6/6) D:9
  Swamp (4/4) Lair:4        Snake (0/4) Lair:4        Slime (0/5) Lair:6
    Orc (2/2) D:9             Elf (0/3) Orc:2        Vaults (0/5) D:14
 Depths (0/5) D:15

Altars:
Dithmenos
Fedhas
Gozag
Makhleb
Uskayaw
Vehumet
Wu Jian
Xom
Yredelemnul
Beogh
Jiyva

Shops:
D:5 }   D:11 [   Orc:1 =   Orc:2 [*}%

Portals:
Pandemonium: Orc:2

Annotations:
D:9 5 runed doors
D:13 2 transporters
Lair:6 1 runed door
Swamp:1 3 runed doors, ICC's ghost, adept VSFi
Swamp:3 exclusion: Roxanne, Roxanne
Swamp:4 Lernaean hydra


Innate Abilities, Weirdness & Mutations

You reflexively headbutt those who attack you in melee.
You have a pair of horns on your head.


Message History

The seven-headed hydra bites you!
* * * LOW HITPOINT WARNING * * *
The seven-headed hydra bites you but does no damage.
You block the seven-headed hydra's attack.
The seven-headed hydra bites you.
* * * LOW HITPOINT WARNING * * *
The seven-headed hydra bites you but does no damage.
The seven-headed hydra closely misses you.
You chop one of the seven-headed hydra's heads off!
The flame cauterises the wound!
You hit the six-headed hydra. You burn the six-headed hydra.
You headbutt the six-headed hydra.
The six-headed hydra is lightly wounded.
You found a teleport trap!
The swamp dragon bites you but does no damage.
You block the swamp dragon's attack. The swamp dragon barely misses you.
You block the six-headed hydra's attack. x2
The six-headed hydra closely misses you.
The six-headed hydra bites you but does no damage.
The six-headed hydra barely misses you. The six-headed hydra bites you.
You die...

### ##≈≈## ♣ ##≈≈≈≈#
♣♣♣♣♣♣♣ ###≈.≈≈#
♣♣≈≈≈... #..#≈#@D≈≈≈#
♣≈≈≈≈..≈ #≈.≈≈DD†≈##
#≈≈≈#≈≈≈ ≈....^≈≈≈≈##
♣≈≈≈≈≈.≈ ≈####≈.≈.≈≈≈
♣♣♣≈≈... ..≈.......#
♣♣≈≈≈. #≈#≈#≈.≈≈.#
♣♣§#≈.≈ ≈.#≈#.≈.≈.≈≈
♣≈≈.≈.# ≈.≈k≈#≈.≈§≈#≈
♣≈#.♣≈♣
.≈##≈≈.≈≈≈≈≈##♣♣♣♣.≈♣♣


You could see a six-headed hydra, 2 swamp dragons and a swamp drake.

Vanquished Creatures
  A thorn hunter (Swamp:3)
  Donald (Orc:1)
  A fire giant (D:15)
  An orc warlord (Orc:1)
  The ghost of Ilitau the Carver, a journeyman MiBe of Trog (D:14)
  A dire elephant (Lair:6)
  A minotaur (Lair:4)
  Josephine (Orc:2)
  The ghost of rvm the Grappler, a journeyman VSMo of Gozag (Lair:4)
  2 catoblepae (Lair:6)
  22 hydras
  An anaconda (Lair:6)
  5 centaur warriors
  A ghost crab (Swamp:2)
  9 alligators
  3 dancing weapons (D:14)
  11 two-headed ogres
  2 ogre magi
  10 orc high priests
  A soul eater (Orc:2)
  4 skeletal warriors (D:11)
  A sixfirhy (Orc:2)
  3 spriggan druids
  4 unseen horrors
  An infernal demonspawn (Orc:2)
  2 lindwurms (Lair:6)
  A gelid demonspawn (Orc:2)
  3 swamp dragons
  Pikel (D:8)
  A lindwurm (shapeshifter) (D:15)
  6 orc sorcerers
  5 orc knights
  4 manticores
  21 ugly things
  5 cyclopes
  A deep elf mage (D:15)
  A rust devil (Orc:2)
  4 elephants (Lair:5)
  2 black mambas
  A gargoyle (D:14)
  A torpor snail (Lair:6)
  An orange demon (Orc:2)
  6 rime drakes
  11 spiny frogs
  2 kobold demonologists
  2 freezing wraiths (D:15)
  4 komodo dragons
  An efreet (D:15)
  A red devil (Orc:2)
  7 trolls
  5 hornets
  3 tyrant leeches
  14 polar bears
  2 raiju (Lair:6)
  22 blink frogs
  5 dream sheep
  6 bog bodies
  21 slime creatures
  8 hippogriffs
  2 shadows
  76 yaks
  5 spriggans
  6 wraiths
  3 ynoxinuls (Orc:2)
  3 hogs (D:9)
  A human (D:9)
  6 basilisks
  16 vampire mosquitoes
  10 wargs
  2 acid dragons
  A soldier ant (D:14)
  14 swamp worms
  2 nagas
  10 insubstantial wisps
  13 hell hounds (Lair:6)
  15 water moccasins
  10 porcupines
  33 orc warriors
  6 swamp drakes
  4 ice beasts
  A hornet zombie (D:8)
  5 sky beasts
  13 black bears
  2 necrophages (D:13)
  3 phantoms
  3 eyes of draining
  32 wolves
  19 ogres
  17 crocodiles
  10 centaurs
  26 bullfrogs
  2 big kobolds
  A water moccasin zombie (D:7)
  A wyvern zombie (D:6)
  9 scorpions
  8 killer bees
  9 wights
  8 howler monkeys
  4 electric eels
  7 crimson imps
  2 bullfrog zombies
  5 bullfrog skeletons
  4 jellies
  6 centaur skeletons
  4 hounds
  26 orc priests
  13 worker ants
  An iguana (D:11)
  A merfolk siren (Sewer)
  21 orc wizards
  A hell rat (Lair:6)
  A merfolk avatar (Sewer)
  A killer bee zombie (D:9)
  2 hound zombies
  4 hound skeletons
  A howler monkey skeleton (D:5)
  6 gnolls
  20 adders
  A river rat (Sewer)
  4 shadow imps
  An ooze (D:3)
  An adder zombie (D:7)
  2 adder skeletons
  3 worms
  A dart slug (D:4)
  6 leopard geckos
  104 orcs
  11 giant cockroaches
  2 gnoll zombies (D:4)
  7 goblins
  5 hobgoblins
  4 quokkas
  5 ball pythons
  13 bats
  10 frilled lizards
  A jackal skeleton (D:4)
  17 kobolds
  31 rats
  A briar patch (Swamp:3)
  A fungus (Lair:5)
  6 plants
1043 creatures vanquished.

Vanquished Creatures (others)
  A cyclops (D:15)
  A jelly (D:15)
  10 orcs
  A briar patch (Swamp:3)
  22 fungi
  20 plants
55 creatures vanquished.

Grand Total: 1098 creatures vanquished

Notes
Turn   | Place    | Note
-------+----------+-------------------------------------------
     0 | D:1      | mihairusu the Minotaur Berserker began the quest for the
                  | Orb.
     0 | D:1      | Reached XP level 1. HP: 19/19 MP: 0/0
   377 | D:1      | Reached XP level 2. HP: 25/27 MP: 1/1
   845 | D:1      | Reached ** piety under Trog
   894 | D:1      | Reached skill level 4 in Axes
  1247 | D:2      | Reached XP level 3. HP: 33/33 MP: 2/2
  1403 | D:2      | Reached XP level 4. HP: 40/40 MP: 3/3
  1525 | D:2      | Found an opulent altar of Gozag.
  2109 | D:3      | Found a hide-covered altar of Uskayaw.
  2120 | D:3      | Found a faded altar of an unknown god.
  2343 | D:3      | Found a glowing drain.
  2373 | Sewer    | Entered a sewer
  2488 | Sewer    | Reached XP level 5. HP: 47/47 MP: 4/4
  2571 | Sewer    | Reached *** piety under Trog
  2872 | D:3      | Reached skill level 5 in Fighting
  3135 | D:3      | You fall through a shaft!
  3264 | D:4      | Reached skill level 5 in Axes
  3264 | D:4      | Reached XP level 6. HP: 49/56 MP: 5/5
  3402 | D:4      | Noticed an ice beast
  3418 | D:4      | Killed an ice beast
  4086 | D:4      | Found a basalt altar of Yredelemnul.
  4517 | D:5      | Entered Level 5 of the Dungeon
  4522 | D:5      | Found a blossoming altar of Fedhas.
  4548 | D:5      | Reached skill level 6 in Axes
  4548 | D:5      | Reached XP level 7. HP: 62/62 MP: 6/6
  4645 | D:5      | Reached skill level 5 in Armour
  4968 | D:5      | Found a shimmering altar of Xom.
  5175 | D:5      | Found Joynet's Gadget Shoppe.
  5224 | D:5      | Reached skill level 5 in Dodging
  5241 | D:5      | Reached skill level 7 in Axes
  5316 | D:5      | Reached XP level 8. HP: 71/71 MP: 7/7
  5773 | D:6      | Reached **** piety under Trog
  5968 | D:6      | Found an opulent altar of Gozag.
  6022 | D:6      | Found a staircase to the Ecumenical Temple.
  6026 | D:6      | Reached skill level 8 in Axes
  6571 | D:7      | Found a shadowy altar of Dithmenos.
  6962 | D:7      | Reached skill level 9 in Axes
  7422 | D:7      | Reached XP level 9. HP: 74/79 MP: 8/8
  7740 | D:7      | Paralysed by a hornet for 3 turns
  7751 | D:7      | Reached skill level 10 in Axes
  8153 | D:8      | Reached ***** piety under Trog
  8340 | D:8      | Noticed Pikel
  8352 | D:8      | Killed Pikel
  8352 | D:8      | Reached skill level 11 in Axes
  8352 | D:8      | Reached XP level 10. HP: 90/90 MP: 9/9
  8613 | D:8      | Found a radiant altar of Vehumet.
  8614 | D:8      | Found an ornate altar of the Wu Jian Council.
  8615 | D:8      | Found a burning altar of Makhleb.
  8767 | D:8      | Found a roughly hewn altar of Beogh.
  8808 | D:9      | Found a staircase to the Lair.
  8938 | D:9      | Found a runed door.
  8944 | D:9      | Found a runed gate.
  8946 | D:9      | Found a runed gate.
  8946 | D:9      | Found a runed gate.
  8960 | D:9      | Found a runed door.
  9034 | D:9      | Found the +9 staff of Olgreb {rPois}
  9593 | D:9      | Reached skill level 12 in Axes
  9724 | D:9      | Killed an unseen horror
  9887 | D:9      | Found a staircase to the Orcish Mines.
  9998 | D:10     | Entered Level 10 of the Dungeon
 10167 | D:10     | Received a gift from Trog
 10659 | D:10     | Reached skill level 10 in Fighting
 10659 | D:10     | Reached XP level 11. HP: 93/99 MP: 10/10
 11134 | D:11     | Noticed a skeletal warrior
 11134 | D:11     | Noticed a skeletal warrior
 11136 | D:11     | Noticed a skeletal warrior
 11141 | D:11     | Noticed a skeletal warrior
 11158 | D:11     | Killed a skeletal warrior
 11160 | D:11     | Killed a skeletal warrior
 11170 | D:11     | Killed a skeletal warrior
 11170 | D:11     | Reached skill level 13 in Axes
 11182 | D:11     | Noticed a two-headed ogre
 11458 | D:11     | Noticed a centaur warrior
 11460 | D:11     | Reached skill level 10 in Armour
 11471 | D:11     | Killed a centaur warrior
 11685 | D:11     | Killed a two-headed ogre
 11873 | D:11     | Killed an unseen horror
 12249 | D:11     | Killed a skeletal warrior
 12353 | D:11     | Reached skill level 14 in Axes
 12473 | D:11     | Found Nivo's Armour Boutique.
 12736 | D:12     | Reached skill level 10 in Dodging
 13013 | D:12     | Reached XP level 12. HP: 110/110 MP: 11/11
 13224 | D:12     | Upgraded the game from 0.23-a0-175-g97aacdb306 to
                  | 0.23-a0-181-g24f899ac9f
 13315 | D:12     | Noticed a two-headed ogre
 13328 | D:12     | Killed a two-headed ogre
 13395 | D:12     | Upgraded the game from 0.23-a0-181-g24f899ac9f to
                  | 0.23-a0-182-g58cdd98f8d
 13425 | D:12     | Received a gift from Trog
 13897 | D:12     | Reached skill level 15 in Axes
 14285 | Lair:1   | Entered Level 1 of the Lair of Beasts
 14387 | Lair:1   | Found a frozen archway.
 15390 | Lair:2   | Noticed a four-headed hydra
 15402 | Lair:2   | Killed a four-headed hydra
 16105 | Lair:2   | Received a gift from Trog
 16167 | Lair:2   | Reached XP level 13. HP: 105/119 MP: 12/12
 16207 | Lair:2   | Reached skill level 16 in Axes
 16790 | Lair:3   | Received a gift from Trog
 18167 | Lair:4   | Found a staircase to the Snake Pit.
 18243 | Lair:4   | Found a runed gate.
 18243 | Lair:4   | Found a runed gate.
 18243 | Lair:4   | Found a runed gate.
 18252 | Lair:4   | Noticed rvm's ghost (journeyman VSMo)
 18579 | Lair:4   | Noticed a minotaur
 18638 | Lair:4   | Killed rvm's ghost
 18652 | Lair:4   | Killed a minotaur
 19577 | Lair:4   | Reached skill level 17 in Axes
 20092 | Lair:4   | Found a staircase to the Swamp.
 21412 | Lair:6   | Entered Level 6 of the Lair of Beasts
 21422 | Lair:5   | Received a gift from Trog
 21518 | Lair:5   | Reached XP level 14. HP: 22/129 MP: 13/13
 23307 | Lair:6   | Reached skill level 18 in Axes
 23487 | Lair:6   | Noticed an acid blob
 23488 | Lair:6   | Found a runed door.
 23491 | Lair:6   | Found a viscous altar of Jiyva.
 23491 | Lair:6   | Noticed an acid blob
 23491 | Lair:6   | Noticed an acid blob
 24765 | Lair:6   | Received a gift from Trog
 24975 | Lair:6   | Received a gift from Trog
 25359 | Lair:6   | Got a glittering sapphire amulet
 25360 | Lair:6   | Identified the amulet of the Gloaming {Harm *Drain rF+ MP+9
                  | Str+4} (You found it on level 6 of the Lair of Beasts)
 27398 | Lair:6   | Found a staircase to the Slime Pits.
 27524 | Orc:1    | Entered Level 1 of the Orcish Mines
 27771 | Orc:1    | Reached XP level 15. HP: 139/139 MP: 14/14
 27845 | Orc:1    | Found a roughly hewn altar of Beogh.
 28084 | Orc:2    | Entered Level 2 of the Orcish Mines
 28160 | Orc:2    | Found a burning altar of Makhleb.
 28393 | Orc:2    | Noticed Josephine
 28393 | Orc:2    | Noticed Donald
 28401 | Orc:1    | Reached skill level 19 in Axes
 28465 | Orc:1    | Killed Donald
 28850 | Orc:2    | Killed Josephine
 28850 | Orc:2    | Reached skill level 1 in Shields
 29072 | Orc:2    | Found Ciher's General Store.
 29141 | Orc:2    | Found Ythi Ryc's Food Shop.
 29178 | Orc:1    | Found Sanyfur's Jewellery Emporium.
 29187 | Orc:1    | Received a gift from Trog
 29190 | Orc:1    | Noticed an orc warlord
 29411 | Orc:1    | Killed an orc warlord
 29546 | Orc:1    | Bought a +5 amulet of reflection for 618 gold pieces
 29677 | Orc:2    | Found a staircase to the Elven Halls.
 30340 | Orc:2    | Reached skill level 5 in Shields
 30376 | Orc:2    | Reached skill level 15 in Fighting
 31374 | Orc:2    | Found Naiseuhi's Gadget Emporium.
 31374 | Orc:2    | Found Juelasi's Antique Armour Shoppe.
 31375 | Orc:2    | Found a one-way gate leading to the halls of Pandemonium.
 31727 | D:13     | Upgraded the game from 0.23-a0-182-g58cdd98f8d to
                  | 0.23-a0-183-gf37f6fb109
 31839 | D:13     | Reached skill level 15 in Armour
 31862 | D:13     | Found a transporter.
 31865 | D:13     | Found a transporter.
 33183 | D:14     | Reached XP level 16. HP: 137/149 MP: 5/15
 33620 | D:14     | Found a gate to the Vaults.
 33664 | D:14     | Found a runed door.
 33664 | D:14     | Found a shimmering altar of Xom.
 33664 | D:14     | Noticed Ilitau's ghost (journeyman MiBe)
 33695 | D:14     | Killed Ilitau's ghost
 33728 | D:15     | Entered Level 15 of the Dungeon
 33862 | D:15     | Found a staircase to the Depths.
 34286 | D:15     | Received a gift from Trog
 34982 | D:15     | Received a gift from Trog
 35499 | Swamp:1  | Entered Level 1 of the Swamp
 35688 | Swamp:1  | Found a runed gate.
 35689 | Swamp:1  | Found a runed gate.
 35693 | Swamp:1  | Found a runed gate.
 35698 | Swamp:1  | Noticed a thorn hunter
 35698 | Swamp:1  | Noticed ICC's ghost (adept VSFi)
 36149 | Swamp:2  | Received a gift from Trog
 36165 | Swamp:2  | Reached skill level 10 in Shields
 36409 | Swamp:2  | Reached skill level 20 in Axes
 37049 | Swamp:3  | Noticed Roxanne
 37617 | Swamp:3  | Noticed a thorn hunter
 37630 | Swamp:3  | Killed a thorn hunter
 37782 | Swamp:4  | Entered Level 4 of the Swamp
 38198 | Swamp:4  | Received a gift from Trog
 38381 | Swamp:4  | Reached XP level 17. HP: 136/158 MP: 6/16
 38383 | Swamp:4  | Noticed the 27-headed Lernaean hydra
 38405 | Swamp:4  | HP: 2/237 [seven-headed hydra (10)]
 38406 | Swamp:4  | Slain by a six-headed hydra

Vault maps used:
D:1:      zelgadis_glass_arrival_small
D:2:      grunt_gozag_breadcrumbs
D:3:      eat_drink_and_be_merry_uskayaw, chequers_ecumenical_altar_island,
          first_ration, cheibrodos_sewer_entry_drain
D:4:      lemuel_zombie_altar_yredelemnul, minmay_item_behind_shaft,
          kennysheep_opposing_triangles
D:5:      old_standard_altar, basic_altar, serial_shops, nicolae_shop_stone
D:6:      lemuel_upstairs_altar, lemuel_crystal_altar, temple_green,
          minmay_parallelograms
D:7:      kennysheep_little_box, grunt_potential
D:8:      grunt_temple_overflow_open, special_room, minmay_misc_feat_five,
          uniq_pikel
D:9:      lair_entry_dummy, orc_0_dummy, grunt_livestock, minivault_24,
          minmay_guarded_unrand_staff_of_olgreb
D:10:     minmay_crystal_room
D:11:     old_forge, serial_shops, shop
D:13:     gammafunk_wand_slinger
D:14:     erik_vaults_1, ebering_ghost_xom, nicolae_wwwww
D:15:     grunt_enter_depths_giant_problem, hangedman_decor_growths,
          minmay_three_doors
Lair:1:   portal_ice_cave_rime
Lair:2:   grunt_megastairs_1
Lair:4:   nicolae_swamp_entry_splash_gauntlet, guppyfry_snake_entry_island,
          maelrawn_ghost_labyrinth_escape, cheibrodos_lair_lostbears
Lair:5:   serial_bayou_pond_a, grunt_megastairs_2
Lair:6:   hangedman_lair_caniforms_friends, hangedman_lair_in_review,
          slime_altar_2, minivault_24, disabler_island
Swamp:1:  gammafunk_ghost_split, evilmike_swamp_ruin_house_5
Swamp:2:  nicolae_swamp_round_clearing, swamp_pool2
Swamp:3:  hangedman_swamp_cone, infiniplex_staircase_pool_2, uniq_roxanne
Swamp:4:  swamp_old_school
Orc:1:    serial_shops, shop, mines2_david
Orc:2:    pf_orc_diabolical, bloody_makhleb, uniq_donald, uniq_josephine
Sewer:    sewer_sea

Skill      XL: |  1  2  3  4  5  6  7  8  9 10 11 12 13 14 15 16 |
---------------+-------------------------------------------------+-----
Armour         | 3 4 5 6 8 9 10 12 13 14 15 16 | 16.0
Fighting       | 4 5 6 7 8 10 11 12 13 14 15 16 | 16.2
Axes           | 4 5 6 7 9 11 12 14 15 17 18 19 20 | 20.1
Dodging        | 3 4 5 6 7 8 10 11 12 13 14 | 14.9
Shields        | 7 11 | 11.2

Action                   |  1- 3 |  4- 6 |  7- 9 | 10-12 | 13-15 | 16-18 || total
-------------------------+-------+-------+-------+-------+-------+-------++-------
Melee: Hand axe          |    78 |   236 |   436 |       |       |       ||   750
       Headbutt          |     6 |    44 |    91 |   167 |   374 |   152 ||   834
       War axe           |       |       |       |   733 |   155 |       ||   888
       Rapier            |       |       |       |     5 |   100 |     7 ||   112
       Battleaxe         |       |       |       |       |   655 |       ||   655
       Broad axe         |       |       |       |       |   523 |   454 ||   977
       Scimitar          |       |       |       |       |       |    45 ||    45
Throw: Stone             |       |       |       |     3 |       |       ||     3
Invok: Berserk           |     2 |     1 |     6 |     7 |     7 |     1 ||    24
       Trog's Hand       |     1 |     2 |     6 |     6 |    37 |     1 ||    53
Evoke: Wand              |       |       |       |       |     1 |       ||     1
       Box of beasts     |       |       |       |       |       |     2 ||     2
  Use: Scroll            |       |     6 |       |    12 |    15 |    11 ||    44
       Potion            |       |       |     3 |     1 |     5 |     3 ||    12
 Stab: Petrifying        |       |       |       |       |     1 |       ||     1
       Petrified         |       |       |       |       |     1 |       ||     1
  Eat: Ration            |     1 |     3 |     5 |    11 |    19 |     6 ||    45
       Chunk             |       |     4 |     2 |     3 |     2 |       ||    11
Armor: Animal skin       |     8 |       |       |       |       |       ||     8
       Plate armour      |    12 |   119 |   226 |   469 |   954 |   251 ||  2031
       Chain mail        |       |       |       |       |   101 |     5 ||   106
Dodge: Dodged            |    49 |    63 |   161 |   319 |   958 |   249 ||  1799
Block: Shield            |       |       |       |       |   277 |   440 ||   717
       Reflection        |       |       |       |       |     7 |    21 ||    28
       Rpst.: Scimitar   |       |       |       |       |       |     7 ||     7

Table legend:
 A = Non-vault XP
 B = Vault XP
 C = Vault XP percentage of total XP
 D = Non-vault monster count
 E = Vault monster count
 F = Vault count percentage of total count
                 A         B        C        D         E       F
            +---------+---------+-------+---------+---------+-------
      Total |  153609 |   65461 |  29.9 |     757 |     279 |  26.9
            +---------+---------+-------+---------+---------+-------
        D:1 |      37 |       0 |   0.0 |      25 |       0 |   0.0
        D:2 |      68 |       0 |   0.0 |      11 |       0 |   0.0
        D:3 |      64 |       7 |   9.9 |      18 |       2 |  10.0
        D:4 |     249 |     151 |  37.8 |      10 |       6 |  37.5
        D:5 |     865 |       0 |   0.0 |      26 |       0 |   0.0
        D:6 |     385 |       0 |   0.0 |      11 |       0 |   0.0
        D:7 |    1517 |     420 |  21.7 |      36 |       9 |  20.0
        D:8 |    1517 |     841 |  35.7 |      37 |      11 |  22.9
        D:9 |    3455 |    1010 |  22.6 |      34 |       5 |  12.8
       D:10 |    1321 |       0 |   0.0 |      14 |       0 |   0.0
       D:11 |    9143 |     134 |   1.4 |      36 |      12 |  25.0
       D:12 |    7966 |       0 |   0.0 |      44 |       0 |   0.0
       D:13 |    6099 |       0 |   0.0 |      33 |       0 |   0.0
       D:14 |   14885 |    4094 |  21.6 |      46 |       4 |   8.0
       D:15 |   15442 |    3023 |  16.4 |      36 |       4 |  10.0
     Lair:1 |    3322 |     758 |  18.6 |      19 |       2 |   9.5
     Lair:2 |    6298 |    1740 |  21.6 |      27 |       8 |  22.9
     Lair:3 |    8342 |     157 |   1.8 |      26 |       1 |   3.7
     Lair:4 |    3891 |    4407 |  53.1 |      25 |      12 |  32.4
     Lair:5 |   10663 |     248 |   2.3 |      36 |       2 |   5.3
     Lair:6 |   11618 |   20450 |  63.8 |      50 |      77 |  60.6
    Swamp:1 |    4901 |       0 |   0.0 |      18 |       0 |   0.0
    Swamp:2 |   10617 |       0 |   0.0 |      24 |       0 |   0.0
    Swamp:3 |   11102 |       0 |   0.0 |      26 |       0 |   0.0
    Swamp:4 |    4292 |    5913 |  57.9 |      14 |       9 |  39.1
      Orc:1 |   12052 |    2961 |  19.7 |      65 |      13 |  16.7
      Orc:2 |    3498 |   19014 |  84.5 |      10 |      62 |  86.1
      Sewer |       0 |     133 | 100.0 |       0 |      40 | 100.0
            +---------+---------+-------+---------+---------+-------
